 Dungeon Crawl Stone Soup version 0.22.1-2-g9c5b331383 (webtiles) character file.

153 Pocketmage the Sneak (level 5, -4/24 HPs)
             Began as a Spriggan Enchanter on Nov 24, 2018.
             Was a Follower of Nemelex Xobeh.
             Killed from afar by an orc wizard (7 damage)
             ... with a puff of flame
             ... on level 3 of the Dungeon.
             The game lasted 00:13:52 (3132 turns).

Pocketmage the Sneak (Spriggan Enchanter)           Turns: 3132, Time: 00:13:53

Health: -4/24      AC:  2    Str:  5    XL:     5   Next: 12%
Magic:  1/11       EV: 19    Int: 17    God:    Nemelex Xobeh [*.....]
Gold:   85         SH:  0    Dex: 16    Spells: 5/11 levels left

rFire    . . .     SeeInvis +   a - +1 dagger
rCold    . . .     Gourm    .   (shield restricted)
rNeg     . . .     Faith    .   b - +0 robe
rPois    .         Spirit   .   (helmet restricted)
rElec    .         Reflect  .   (no cloak)
rCorr    .         Harm     .   (gloves unavailable)
MR       .....                  (boots unavailable)
Stlth    +++.......             (no amulet)
HPRegen  0.08/turn              o - ring of wizardry
MPRegen  0.12/turn              (no ring)

@: very quick
A: very small, unfitting armour, see invisible, herbivore, speed 3, slow
metabolism 2
a: Renounce Religion


You were on level 3 of the Dungeon.
You worshipped Nemelex Xobeh.
Nemelex Xobeh was aware of your devotion.
You were not hungry.

You visited 1 branch of the dungeon, and saw 3 of its levels.

You collected 85 gold pieces.

Inventory:

Hand Weapons
 a - a +1 dagger (weapon)
Armour
 b - a +0 robe (worn)
Jewellery
 o - a ring of wizardry (left hand)
Scrolls
 c - 2 scrolls of fog {unknown}
 i - a scroll of amnesia {unknown}
 j - 4 scrolls of teleportation {unknown}
 m - a scroll of noise {unknown}
 n - 2 scrolls of enchant weapon {unknown}
Potions
 e - a potion of heal wounds {unknown}
 g - 2 potions of curing {unknown}
 h - 2 potions of brilliance {unknown}
 k - a potion of agility {unknown}
 l - a potion of degeneration {unknown}
 p - a potion of resistance {unknown}
Miscellaneous
 f - a plain deck of destruction {drawn: 1}
 q - a plain deck of summoning
Comestibles
 d - 4 rations


   Skills:
 * Level 3.2 Short Blades
 + Level 4.2 Dodging
 + Level 5.3 Stealth
 + Level 3.6 Spellcasting
 + Level 4.3 Hexes


You had 5 spell levels left.
You knew the following spells:

 Your Spells              Type           Power        Failure   Level  Hunger
a - Corona                Hex            ###....      1%          1    None
b - Ensorcelled Hibernat  Hex/Ice        ##....       4%          2    ##.....
c - Confuse               Hex            ###.....     3%          3    ###....

Your spell library contained the following spells:

 Spells                   Type           Power        Failure   Level  Hunger
 Tukima's Dance           Hex            ###.....     3%          3    ###....
 Dazzling Spray           Conj/Hex       ##....       9%          3    ###....


Dungeon Overview and Level Annotations

Branches:
Dungeon (3/15)

Altars:
Nemelex Xobeh
Ru


Innate Abilities, Weirdness & Mutations

You are very small and have problems with some larger weapons.
You are too small for most types of armour.
You have supernaturally acute eyesight. (SInv)
You are a herbivore.
You cover ground extremely quickly.
You need to consume almost no food.


Message History

You are too hungry to fight recklessly!
You are too hungry to fight recklessly!
You are too hungry to fight recklessly!
You eat one of the 5 rations.
That ration really hit the spot!
You closely miss the orc wizard.
The orc wizard mumbles some strange words.
The orc wizard seems to speed up.
You hit the orc wizard but do no damage.
The orc wizard hits you with a dagger.
The orc wizard gestures at you while chanting.
The puff of flame hits you!
Ouch! That really hurt!
You hit the orc wizard but do no damage.
The orc wizard points at you and mumbles some strange words.
The magic dart hits you!
* * * LOW HITPOINT WARNING * * *
The orc wizard gestures at you while chanting.
The puff of flame hits you!
You die...
Your body disappears without a glow.

.........................>#
.....................####.######
...............................#
......................###.####.#
.....................<.........#
..........((o.........##...#####
...........................#
.....................####..#
................@..<.......#
..............##############
...........o..#.###
..............8.#.#.
.........[..........
............).......
..........)...8.#.#.
..............#.#⌠#
..............######## ####


You could see 2 orc wizards.

Vanquished Creatures
  A scorpion (D:3)
  An iguana (D:2)
  2 adders (D:3)
  A worm (D:3)
  A dart slug (D:1)
  3 leopard geckos
  3 orcs
  2 giant cockroaches (D:1)
  5 goblins
  7 hobgoblins
  3 jackals (D:1)
  9 kobolds
  A quokka (D:2)
  3 bats
  2 frilled lizards
  5 rats
49 creatures vanquished.

Notes
Turn   | Place    | Note
-------+----------+-------------------------------------------
     0 | D:1      | Pocketmage the Spriggan Enchanter began the quest for the
                  | Orb.
     0 | D:1      | Reached XP level 1. HP: 9/9 MP: 5/5
   363 | D:1      | Reached XP level 2. HP: 10/13 MP: 6/6
   367 | D:1      | Learned a level 2 spell: Ensorcelled Hibernation
   837 | D:1      | Found a sparkling altar of Nemelex Xobeh.
   841 | D:1      | Became a worshipper of Nemelex Xobeh the Trickster
  1082 | D:1      | Reached XP level 3. HP: 12/16 MP: 5/8
  1161 | D:1      | Received a gift from Nemelex Xobeh
  1786 | D:2      | Found a sacrificial altar of Ru.
  2174 | D:3      | Noticed a scorpion
  2222 | D:3      | Killed a scorpion
  2222 | D:3      | Reached skill level 5 in Stealth
  2222 | D:3      | Reached XP level 4. HP: 11/21 MP: 3/10
  2357 | D:3      | Learned a level 3 spell: Confuse
  2385 | D:3      | Reached * piety under Nemelex Xobeh
  2606 | D:3      | Reached XP level 5. HP: 24/24 MP: 11/11
  2622 | D:3      | Received a gift from Nemelex Xobeh
  3132 | D:3      | Killed from afar by an orc wizard

Skill      XL: |  1  2  3 |
---------------+----------+-----
Spellcasting   | 3 |  3.6
Short Blades   | 2 3 |  3.2
Hexes          | 4 |  4.3
Dodging        | 4 |  4.2
Stealth        | 5 |  5.3

Action                   |  1- 3 |  4- 6 || total
-------------------------+-------+-------++-------
Melee: Dagger            |    81 |    35 ||   116
 Cast: Ensorcelled Hiber |    20 |    21 ||    41
       Confuse           |       |     2 ||     2
Evoke: Deck              |     1 |       ||     1
 Stab: Sleeping          |    20 |    13 ||    33
       Distracted        |     1 |       ||     1
       Confused          |       |     1 ||     1
  Eat: Ration            |       |     1 ||     1
Armor: Robe              |     9 |     5 ||    14
Dodge: Dodged            |    53 |    47 ||   100
